 Dungeon Crawl Stone Soup version 0.30-a0-718-geaa24f58ff (webtiles) character file.

Game seed: 7068996180879603563

40096 MackTheKnife the Eclecticist (level 13, 0/82 HPs)
             Began as a Deep Elf Wanderer on Jan 26, 2023.
             Was an Elder of Vehumet.
             Killed from afar by a lindwurm (39 damage)
             ... with a blast of flame
             ... on level 4 of the Lair of Beasts.
             The game lasted 00:32:10 (18803 turns).

MackTheKnife the Eclecticist (Deep Elf Wanderer)   Turns: 18803, Time: 00:32:10

Health: 0/82       AC: 14    Str:  7    XL:     13   Next: 72%
Magic:  13/37      EV: 18    Int: 23    God:    Vehumet [****..]
Gold:   733        SH:  0    Dex: 16    Spells: 16/49 levels left

rFire   . . .      SeeInvis .    x - +2 whip (freeze) {mace}
rCold   . . .      Faith    .    (no shield)
rNeg    . . .      Spirit   .    D - +0 steam dragon scales
rPois   .          Reflect  .    w - +0 helmet
rElec   .          Harm     .    h - +1 cloak
rCorr   +          Rampage  .    Q - +0 pair of gloves
Will    +....                    d - +0 pair of boots
Stlth   +                        y - amulet of the acrobat
HPRegen 0.33/turn                t - +4 ring of protection
MPRegen 0.25/turn                H - ring of resist corrosion

@: no status effects
A: no striking features
a: Renounce Religion


You were on level 4 of the Lair of Beasts.
You worshipped Vehumet.
Vehumet was greatly pleased with you.
You visited 3 branches of the dungeon, and saw 15 of its levels.
You also visited: Bailey.

You collected 873 gold pieces.
You spent 140 gold pieces at shops.


   Skills:
 - Level 10.2 Fighting
 - Level 1.0 Armour
 - Level 10.4 Dodging
 - Level 18.5 Spellcasting
 - Level 12.0 Conjurations
 - Level 5.3 Hexes
 + Level 2.2 Fire Magic
 - Level 4.4 Air Magic
 - Level 2.7 Poison Magic
 - Level 1.0 Invocations


You had 16 spell levels left.
You knew the following spells:

 Your Spells              Type           Power      Damage    Failure   Level
a - Magic Dart            Conj           100%       1d8       0%          1
b - Mephitic Cloud        Conj/Pois/Air  50%        N/A       1%          3
c - Stone Arrow           Conj/Erth      98%        3d13      1%          3
d - Orb of Destruction    Conj           33%        9d10      4%          7
e - Shock                 Conj/Air       100%       1d9       1%          1
f - Irradiate             Conj/Tmut      24%        3d19      1%          5
g - Ignition              Fire           15%        3d6       100%        8
z - Iskenderun's Battles  Conj           67%        2d12      1%          5

Your spell library contained the following spells:

 Spells                   Type           Power      Damage    Failure   Level
 Slow                     Hex            100%       N/A       1%          1
 Cigotuvi's Dreadful Rot  Necr/Pois/Air  64%        N/A       1%          2
 Poisonous Vapours        Pois/Air       74%        N/A       1%          2
 Dazzling Flash           Conj/Hex       100%       N/A       1%          3
 Ignite Poison            Fire/Tmut/Pois 29%        N/A       1%          3
 Inner Flame              Hex/Fire       38%        N/A       1%          3
 Kindle Blastsparks       Fire/Tloc/Air  62%        2d15      1%          3
 Flame Wave               Conj/Fire      52%        2d13      1%          4
 Fulminant Prism          Conj/Hex       28%        3d14      1%          4
 Iskenderun's Mystic Bla  Conj/Tloc      49%        2d11      1%          4
 Sticky Flame             Conj/Fire      52%        2d7       1%          4
 Freezing Cloud           Conj/Ice/Air   23%        6-21      1%          5
 Apportation              Tloc           42%        N/A       2%          1
 Beastly Appendage        Tmut           42%        N/A       2%          1
 Necrotise                Necr           84%        1d8       2%          1
 Summon Small Mammal      Summ           84%        N/A       2%          1
 Vhi's Electric Charge    Tloc/Air       62%        N/A       2%          3
 Cause Fear               Hex            22%        N/A       2%          4
 Call Imp                 Summ           21%        N/A       3%          2
 Wereblood                Tmut           21%        N/A       3%          2
 Conjure Ball Lightning   Conj/Air       28%        3x3d8     3%          6
 Spider Form              Tmut/Pois      27%        N/A       4%          3
 Discord                  Hex            22%        N/A       100%        8

Inventory:

Hand Weapons
 x - a +2 whip of freezing (weapon) {mace}
   (You took it off a gnoll on level 6 of the Dungeon)
Armour
 d - a +0 pair of boots (worn)
 h - a +1 cloak (worn)
   (You found it on level 2 of the Dungeon)
 w - a +0 helmet (worn)
   (You found it on level 5 of the Dungeon)
 D - +0 steam dragon scales (worn)
   (You found it on level 7 of the Dungeon)
 E - a +0 buckler
   (You found it on level 2 of the Lair of Beasts)
 M - a +1 leather armour of willpower
   (You found it on level 1 of the Lair of Beasts)
 Q - a +0 pair of gloves (worn)
   (You found it on level 2 of the Lair of Beasts)
 R - the +3 hat of Pondering {ponderous, Will+ MP+10 Int+5}
   (You took it off Gastronok on level 3 of the Lair of Beasts)

   Int:       It affects your intelligence (+5).
   MP:        It affects your magic capacity (+10).
   Will:      It increases your willpower.
Magical Staves
 j - a staff of cold {!astaff}
   (You took it off Fannar on level 1 of the Lair of Beasts)
 r - a staff of death {!astaff}
   (You found it on level 4 of the Dungeon)
Jewellery
 f - a ring of fire
   (You found it on level 1 of the Dungeon)
 t - a +4 ring of protection (left hand)
   (You found it on level 4 of the Dungeon)
 y - an amulet of the acrobat (around neck)
   (You took it off an orc on level 7 of the Dungeon)
 H - a ring of resist corrosion (right hand)
   (You found it on level 9 of the Dungeon)
Wands
 k - a wand of roots (3)
   (You found it on level 8 of the Dungeon)
 s - a wand of polymorph (11)
   (You found it on level 6 of the Dungeon)
 z - a wand of digging (9)
   (You found it on level 7 of the Dungeon)
Scrolls
 a - 8 scrolls of teleportation {@r4}
 b - 3 scrolls of fog
 e - 4 scrolls of immolation {!r!r}
 l - 2 scrolls of magic mapping {!r}
 m - a scroll of blinking {!r}
 o - 2 scrolls of fear
 K - 3 scrolls of enchant weapon
 N - a scroll of acquirement
 O - a scroll of vulnerability {unknown}
Potions
 c - 3 potions of magic
 g - a potion of cancellation
 i - 2 potions of lignification {!q}
 n - 3 potions of brilliance
 p - 6 potions of heal wounds {@q2}
 q - 2 potions of curing {@q1}
 u - 2 potions of invisibility
 v - 2 potions of ambrosia {unknown}
 A - 9 potions of haste {@q3}
 B - 2 potions of attraction {unknown}
 C - a potion of mutation {unknown}
 F - 2 potions of resistance
 G - a potion of berserk rage {unknown}
 I - 2 potions of might
 L - a potion of flight {unknown}
Miscellaneous
 J - a piece from Xom's chessboard (15/15)
   (You found it on level 10 of the Dungeon)
 P - a box of beasts (inert)
   (You found it on level 2 of the Lair of Beasts)

Dungeon Overview and Level Annotations

Branches:
Dungeon (10/15) Zot: 25670  Temple (1/1) D:6 Zot: 5797    Lair (4/5) D:8 Zot: 18980
 Shoals (0/4) Lair:2        Snake (0/4) Lair:2       Bailey (visited)
  Slime: Lair:4-5       Orc: D:9-12

Altars:
Ashenzari
Cheibriados
Dithmenos
Elyvilon
Fedhas
Gozag
Hepliaklqana
Kikubaaqudgha
Makhleb
Nemelex Xobeh
Okawaru
Qazlal
Ru
Sif Muna
Trog
Uskayaw
Vehumet
Wu Jian
Xom
Yredelemnul
Zin
The Shining One

Shops:
D:4 !   D:6 *   D:9 (

Annotations:
D:3 1 runed translucent door, Crazy Yiuf

§..≈≈≈≈..#( #..≈≈≈≈≈.k##
##..≈§≈≈≈kk.##..
#....≈§≈○§≈....≈§
##....≈§○≈≈≈≈≈≈≈≈≈§§
......§§§≈≈≈≈≈≈≈≈≈≈≈
#...§§°§§≈≈≈≈≈§§≈≈≈
#....§@§§≈≈≈§≈§§§..
#....§§§....≈≈.....
#..##§..§.......§... .##.
####P..#.....# .....
######....####
.).P..#.######.....### .
.#.....#####.P.##P# .
.....P...#..####..P..# ##.
............##.##...####..


You could see 3 lindwurms.


Message History

😎 MP[-7]
You lost 7 mp, and now have 30/37 mp.
The orb of destruction hits the water moccasin!!!
You blow up the water moccasin!
Vehumet accepts your kill.
You feel your power returning. 😎 MP[+2]
You regained 2 mp, and now have 32/37 mp.
Key pressed, stopping explore.
Found a stone staircase leading down.
Key pressed, stopping explore.
Key pressed, stopping explore.
A komodo dragon comes into view. 😎 MP[+5]
Your mp is fully restored (37).
Casting: Orb of Destruction (dangerous; 4% risk of failure)
Confirm with . or Enter, or press ? or * to list all spells.
Aiming: Orb of Destruction (dangerous; 4% risk of failure)
Press: ? - help, Shift-Dir - straight line, f - komodo dragon
Aim: a komodo dragon (asleep)
The komodo dragon hisses angrily. 😎 MP[-7]
You lost 7 mp, and now have 30/37 mp.
Casting: Orb of Destruction (dangerous; 4% risk of failure)
Confirm with . or Enter, or press ? or * to list all spells.
Aiming: Orb of Destruction (dangerous; 4% risk of failure)
Press: ? - help, Shift-Dir - straight line, f/p - komodo dragon
Aim: a komodo dragon (ally target) 😎 MP[-7]
You lost 7 mp, and now have 23/37 mp.
The orb of destruction hits the komodo dragon!!!
You blow up the komodo dragon!
Vehumet accepts your kill.
You feel your power returning.
Your Fire Magic skill increases to level 1! 😎 MP[+3]
You regained 3 mp, and now have 26/37 mp.
A lindwurm comes into view. 😎 MP[+1]
A lindwurm is nearby!
A lindwurm is nearby!
A lindwurm is nearby!
Casting: Orb of Destruction (dangerous; 4% risk of failure)
Confirm with . or Enter, or press ? or * to list all spells.
Aiming: Orb of Destruction (dangerous; 4% risk of failure)
Press: ? - help, Shift-Dir - straight line, f - lindwurm
Aim: a lindwurm (wandering, hasn't noticed you) 😎 MP[-7]
You lost 7 mp, and now have 20/37 mp.
The orb of destruction hits the lindwurm!!!
You hear a roar! x2
Casting: Orb of Destruction (dangerous; 4% risk of failure)
Confirm with . or Enter, or press ? or * to list all spells.
Aiming: Orb of Destruction (dangerous; 4% risk of failure)
Press: ? - help, Shift-Dir - straight line, f/p - lindwurm
Aim: a lindwurm (almost dead) 😎 MP[-6]
You lost 6 mp, and now have 14/37 mp.
The orb of destruction hits the lindwurm!!!
You blow up the lindwurm!
Vehumet accepts your kill.
You feel your power returning.
Your Fire Magic skill increases to level 2! 😎 MP[+4]
You regained 4 mp, and now have 18/37 mp.
A lindwurm comes into view.
The lindwurm breathes flames at you. The blast of flame hits you!!
You see here a scarf of harm. 😮 HP[-24] MP[+1]
You take 24 damage, and now have 58/82 hp.
MASSIVE DAMAGE!! (PAUSE)
Casting: Orb of Destruction (dangerous; 4% risk of failure)
Confirm with . or Enter, or press ? or * to list all spells.
Aiming: Orb of Destruction (dangerous; 4% risk of failure)
Press: ? - help, Shift-Dir - straight line, f - lindwurm
Aim: a lindwurm A lindwurm comes into view. 😮 MP[-7]
You lost 7 mp, and now have 12/37 mp.
The lindwurm breathes flames at you. The blast of flame hits you!!!
Ouch! That really hurt!
* * * LOW HITPOINT WARNING * * *
You hear a roar! 😱 HP[-41]
You take 41 damage, and now have 17/82 hp.
MASSIVE DAMAGE!! (PAUSE) Unknown command.
Okay, then.
You feel much better.
The orb of destruction hits the lindwurm!!!
A lindwurm comes into view. 😨 HP[+22]
You regained 22 hp, and now have 39/82 hp.
As you read the scroll of fog, it crumbles to dust.
The scroll dissolves into smoke.
The lindwurm breathes flames at you. The blast of flame hits you!!!
You die...

Skill      XL: |  1  2  3  4  5  6  7  8  9 10 11 12 13 |
---------------+----------------------------------------+-----
Conjurations   | 1 3 4 9 12 | 12.0
Air Magic      | 1 3 4 |  4.4
Poison Magic   | 1 2 |  2.7
Spellcasting   | 5 11 16 18 | 18.5
Dodging        | 4 7 10 | 10.4
Fighting       | 2 5 7 10 | 10.2
Fire Magic     | 2 |  2.2
Armour         | |  1.0
Hexes          | |  5.3
Invocations    | |  1.0

Action                     |  1- 3 |  4- 6 |  7- 9 | 10-12 | 13-15 || total
---------------------------+-------+-------+-------+-------+-------++-------
  Melee: Dagger            |     1 |       |       |       |       ||     1
         Rapier            |       |     9 |    13 |       |       ||    22
         Whip              |       |       |     7 |     3 |    12 ||    22
   Cast: Shock             |    52 |   109 |   339 |    21 |       ||   521
         Mephitic Cloud    |       |     3 |    11 |    12 |     2 ||    28
         Dazzling Flash    |       |     3 |     1 |       |       ||     4
         Magic Dart        |       |       |       |   315 |   157 ||   472
         Iskenderun's Batt |       |       |       |    43 |    28 ||    71
         Orb of Destructio |       |       |       |     2 |    29 ||    31
         Stone Arrow       |       |       |       |     2 |     7 ||     9
         Irradiate         |       |       |       |       |     2 ||     2
  Evoke: Wand              |       |       |       |     1 |     3 ||     4
         Box of beasts     |       |       |       |       |     1 ||     1
    Use: Potion            |     1 |       |       |     2 |     1 ||     4
         Scroll            |       |       |     6 |    15 |     1 ||    22
   Stab: Sleeping          |     1 |       |       |       |       ||     1
 Armour: Robe              |     2 |    11 |    54 |       |       ||    67
         Steam dragon scal |       |       |     1 |    49 |    25 ||    75
  Dodge: Dodged            |    18 |    23 |   114 |   156 |    90 ||   401

Levels and vault maps discovered:
D:1:      wander_arrival_lonely_grave, layout_loops_ring, serial_forest,
          infiniplex_forest_lined_3, infiniplex_forest_straight_3,
          infiniplex_forest_zigzag_1, infiniplex_forest_end_2,
          infiniplex_forest_diagonal, infiniplex_forest_lined_2,
          infiniplex_forest_pool
D:2:      layout_basic, serial_corexii_hall, corexii_hall_statues_i,
          corexii_hall_statues_s, minmay_fountain_box, grunt_decor_junction,
          uniq_sigmund
D:3:      layout_basic, uniq_jessica, uniq_crazy_yiuf_cottage, uniq_natasha
D:4:      layout_rooms, gup_sewer_entry_spiral, nicolae_stop_n_shop_1
D:5:      layout_loops_ring
D:6:      layout_cave_pools, mainiacjoe_overflow_swirl,
          minmay_temple_entry_drinking_statues, serial_shops,
          nicolae_shop_advertising_works [nicolae_subvault_shop_adworks],
          kennysheep_cluttered_room
D:7:      layout_rooms, nzn_random_ring, uniq_joseph
D:8:      layout_gridville, mainiacjoe_overflow_boulevard, enter_bailey_2,
          chequers_serial_rivers_small_a, chequers_avenue
D:9:      layout_loops_ring, kennysheep_small_square
D:10:     layout_layer_cave, grunt_temple_overflow_diamond
Temple:   minmay_temple_bridge_d
Lair:1:   layout_gridlike, nicolae_quartered_pool_medium, uniq_fannar
Lair:2:   layout_regular_city, minmay_shoals_entry_centaurs, dummy_snake_entry,
          beast_lair_carwin_8, uniq_erica
Lair:3:   layout_regular_city, grunt_forest_stairs_basic, uniq_gastronok
Lair:4:   layout_cave_pods, slime_entry_1, minmay_lindwurm_lava,
          lemuel_fruit_tree

Notes
Turn   | Place    | Note
-------+----------+-------------------------------------------
     0 | D:1      | MackTheKnife the Deep Elf Wanderer began the quest for the
                  | Orb.
     0 | D:1      | MackTheKnife set off with the following items: a +0 dagger
                  | {short}, a scroll of fog, a +0 robe, a +0 pair of boots;
                  | and the following spells available to memorise: Slow,
                  | Shock, Dazzling Flash, Cause Fear, Vhi's Electric Charge.
     0 | D:1      | Reached XP level 1. HP: 10/10 MP: 7/7
     0 | D:1      | magus.rc [v1.9.6]
    57 | D:1      | Learned a level 1 spell: Shock
   303 | D:1      | You pick up a book of Vapours and begin reading...
   303 | D:1      | You add the spells Poisonous Vapours, Cigotuvi's Dreadful
                  | Rot and Mephitic Cloud to your library.
   680 | D:1      | Reached skill level 1 in Conjurations
   680 | D:1      | Reached XP level 2. HP: 15/15 MP: 2/9
   838 | D:1      | Reached skill level 1 in Air Magic
  1677 | D:2      | Noticed Sigmund
  1684 | D:2      | Reached XP level 3. HP: 16/19 MP: 5/10
  1692 | D:2      | HP: 1/19 [Sigmund/+0 scythe (7)]
  1696 | D:2      | Killed Sigmund
  1697 | D:2      | Reached skill level 3 in Conjurations
  1697 | D:2      | Reached skill level 3 in Air Magic
  1697 | D:2      | Reached XP level 4. HP: 3/24 MP: 2/12
  1697 | D:2      | Reached XP level 5. HP: 3/28 MP: 2/13
  1932 | D:2      | magus.rc [v1.9.6]
  1940 | D:2      | Learned a level 3 spell: Mephitic Cloud
  2311 | D:2      | Reached skill level 4 in Conjurations
  2512 | D:3      | Noticed Natasha
  2518 | D:3      | Killed Natasha
  2519 | D:3      | Reached skill level 1 in Poison Magic
  2531 | D:3      | You pick up a book of Cantrips and begin reading...
  2531 | D:3      | You add the spells Necrotise, Summon Small Mammal and
                  | Apportation to your library.
  2541 | D:3      | Noticed Natasha
  2544 | D:3      | Killed Natasha
  2545 | D:3      | Reached XP level 6. HP: 30/32 MP: 9/15
  2593 | D:3      | You pick up a book of Minor Magic and begin reading...
  2593 | D:3      | You add the spells Magic Dart and Call Imp to your library.
  2647 | D:3      | Learned a level 3 spell: Dazzling Flash
  2702 | D:3      | Noticed Jessica
  2704 | D:3      | Killed Jessica
  2774 | D:3      | Noticed Natasha
  2780 | D:3      | Killed Natasha
  2781 | D:3      | Reached skill level 5 in Spellcasting
  3220 | D:3      | Found a runed translucent door.
  3221 | D:3      | Noticed Crazy Yiuf
  3247 | D:4      | Found Qad Duj's Distillery.
  3416 | D:4      | Reached skill level 4 in Air Magic
  3598 | D:4      | HP: 6/32 [gnoll bouda/+0 whip (4)]
  3599 | D:4      | HP: 1/32 [gnoll bouda/+0 whip (5)]
  3602 | D:4      | Reached skill level 2 in Poison Magic
  3733 | D:4      | Bought a potion of heal wounds for 70 gold pieces
  3733 | D:4      | Bought a potion of curing for 42 gold pieces
  3865 | D:4      | Reached XP level 7. HP: 14/36 MP: 0/17
  3873 | D:4      | HP: 8/36 [kobold/+0 short sword (2)]
  4296 | D:4      | You fall into a shaft and drop 2 floors!
  4307 | D:5      | Entered Level 5 of the Dungeon
  4586 | D:5      | Reached skill level 2 in Dodging
  4650 | D:5      | Reached skill level 1 in Fighting
  5048 | D:5      | Reached skill level 3 in Dodging
  5157 | D:5      | Reached skill level 2 in Fighting
  5464 | D:5      | Reached skill level 4 in Dodging
  5713 | D:5      | Reached XP level 8. HP: 42/45 MP: 8/18
  5888 | D:6      | Reached skill level 3 in Fighting
  5891 | D:6      | Reached skill level 5 in Dodging
  6074 | D:6      | You pick up a book of Changes and begin reading...
  6074 | D:6      | You add the spells Beastly Appendage, Wereblood and Spider
                  | Form to your library.
  6173 | D:6      | Reached skill level 6 in Dodging
  6381 | D:6      | Found a staircase to the Ecumenical Temple.
  6396 | D:6      | Reached skill level 4 in Fighting
  6397 | Temple   | Entered the Ecumenical Temple
  6743 | D:6      | Found Pisiwn Dofy's General Store.
  6751 | D:6      | Bought a scroll of identify for 28 gold pieces
  6772 | D:6      | You add the spells Ignite Poison, Sticky Flame and Ignition
                  | to your library.
  6863 | D:6      | Found an opulent altar of Gozag.
  7067 | D:6      | Found a radiant altar of Vehumet.
  7070 | D:6      | Became a worshipper of Vehumet
  7148 | D:7      | Noticed Joseph
  7198 | D:7      | Killed Joseph
  7199 | D:7      | Reached skill level 5 in Fighting
  7199 | D:7      | Reached skill level 7 in Dodging
  7199 | D:7      | Reached XP level 9. HP: 42/54 MP: 1/19
  7439 | D:7      | Reached skill level 8 in Dodging
  7539 | D:7      | HP: 13/54 [killer bee (5)]
  7544 | D:7      | HP: 7/54 [poisoned by a killer bee]
  8284 | D:7      | Reached skill level 6 in Fighting
  8284 | D:7      | Reached skill level 9 in Dodging
  8603 | D:7      | Reached * piety under Vehumet
  8603 | D:7      | Offered knowledge of Sandblast by Vehumet.
  8743 | D:7      | Reached skill level 10 in Dodging
  8804 | D:7      | Noticed a cyclops
  8824 | D:7      | Killed a cyclops
  8825 | D:7      | Reached skill level 7 in Fighting
  8825 | D:7      | Reached XP level 10. HP: 63/63 MP: 2/20
  8896 | D:7      | Reached skill level 5 in Conjurations
  9024 | D:7      | Reached skill level 6 in Spellcasting
  9225 | D:8      | Identified a scroll of acquirement
  9225 | D:8      | Acquired the Treatise on Striking
  9226 | D:8      | You add the spells Fulminant Prism, Iskenderun's Mystic
                  | Blast, Iskenderun's Battlesphere, Conjure Ball Lightning
                  | and Orb of Destruction to your library.
  9229 | D:8      | Learned a level 1 spell: Beastly Appendage
  9231 | D:8      | Learned a level 1 spell: Magic Dart
  9293 | D:8      | Identified a potion of experience
  9294 | D:8      | Reached skill level 11 in Spellcasting
  9294 | D:8      | Reached skill level 9 in Conjurations
  9294 | D:8      | Reached XP level 11. HP: 67/67 MP: 21/28
  9301 | D:8      | Learned a level 5 spell: Iskenderun's Battlesphere
  9349 | D:8      | Found a flagged portal.
  9425 | Bailey   | Entered a bailey
  9826 | Bailey   | Noticed an orc knight
  9853 | Bailey   | Killed an orc knight
 10064 | Bailey   | Reached ** piety under Vehumet
 10086 | Bailey   | Offered knowledge of Foxfire by Vehumet.
 10106 | D:8      | Reached skill level 10 in Fighting
 10106 | D:8      | Reached XP level 12. HP: 77/77 MP: 29/29
 10337 | D:8      | Found a staircase to the Lair.
 10455 | D:8      | You pick up a book of Flames and begin reading...
 10455 | D:8      | You add the spells Inner Flame and Flame Wave to your
                  | library.
 10635 | D:8      | Found a sacrificial altar of Ru.
 10838 | D:8      | Reached skill level 12 in Spellcasting
 11125 | D:9      | Noticed a two-headed ogre
 11135 | D:9      | Killed a two-headed ogre
 11203 | D:9      | Noticed a two-headed ogre
 11214 | D:9      | Killed a two-headed ogre
 11215 | D:9      | Reached skill level 13 in Spellcasting
 11533 | D:9      | Found Pijomicygu's Antique Weapon Shoppe.
 12458 | D:10     | Entered Level 10 of the Dungeon
 12466 | D:10     | Offered knowledge of Stone Arrow by Vehumet.
 12468 | D:10     | Noticed a two-headed ogre
 12472 | D:10     | Learned a level 3 spell: Stone Arrow
 12487 | D:9      | Killed a two-headed ogre
 12488 | D:9      | Reached skill level 14 in Spellcasting
 12776 | D:10     | Reached *** piety under Vehumet
 13074 | D:10     | You pick up a book of Hexes and begin reading...
 13259 | D:10     | You add the spells Kindle Blastsparks and Freezing Cloud to
                  | your library.
 13278 | D:10     | Noticed a two-headed ogre
 13283 | D:10     | Killed a two-headed ogre
 13428 | D:10     | Found a shadowy altar of Dithmenos.
 13431 | D:10     | Found a sparkling altar of Nemelex Xobeh.
 13435 | D:10     | Found a shimmering blue altar of Sif Muna.
 13787 | Lair:1   | Entered Level 1 of the Lair of Beasts
 13796 | Lair:1   | Reached skill level 15 in Spellcasting
 14448 | Lair:1   | Reached skill level 16 in Spellcasting
 14605 | Lair:1   | Noticed Fannar
 14626 | Lair:1   | Killed Fannar
 15154 | Lair:1   | magus.rc [v1.9.6]
 15164 | Lair:1   | Learned a level 7 spell: Orb of Destruction
 15270 | Lair:2   | Noticed Erica
 15276 | Lair:2   | Killed Erica
 15429 | Lair:2   | Found a staircase to the Snake Pit.
 15476 | Lair:2   | Reached XP level 13. HP: 77/82 MP: 20/35
 15656 | Lair:2   | Offered knowledge of Frozen Ramparts by Vehumet.
 15946 | Lair:2   | Found a staircase to the Shoals.
 15956 | Lair:2   | Reached skill level 10 in Conjurations
 16081 | Lair:2   | Reached skill level 17 in Spellcasting
 16814 | Lair:3   | You pick up a book of Cantrips and begin reading...
 17346 | Lair:3   | Reached skill level 11 in Conjurations
 17409 | Lair:3   | Reached **** piety under Vehumet
 17783 | Lair:3   | Gastronok the Ponderous comes into view. He is wearing the
                  | +3 hat of Pondering {ponderous, Will+ MP+10 Int+5}.
 17783 | Lair:3   | Noticed Gastronok
 17784 | Lair:3   | Aim: Gastronok, wearing the +3 hat of Pondering {ponderous,
                  | Will+ MP+10 Int+5} (wandering, hasn't noticed you)
 17784 | Lair:3   | Aim: Gastronok, wearing the +3 hat of Pondering {ponderous,
                  | Will+ MP+10 Int+5} (wandering, hasn't noticed you)
 17786 | Lair:3   | Aim: Gastronok, wearing the +3 hat of Pondering {ponderous,
                  | Will+ MP+10 Int+5} (ally target)
 17786 | Lair:3   | Aim: Gastronok, wearing the +3 hat of Pondering {ponderous,
                  | Will+ MP+10 Int+5} (ally target)
 17789 | Lair:3   | Aim: Gastronok, wearing the +3 hat of Pondering {ponderous,
                  | Will+ MP+10 Int+5} (almost dead)
 17789 | Lair:3   | Aim: Gastronok, wearing the +3 hat of Pondering {ponderous,
                  | Will+ MP+10 Int+5} (almost dead)
 17791 | Lair:3   | Killed Gastronok
 17792 | Lair:3   | Reached skill level 18 in Spellcasting
 18449 | Lair:4   | Offered knowledge of Irradiate by Vehumet.
 18456 | Lair:4   | Learned a level 5 spell: Irradiate
 18645 | Lair:4   | Reached skill level 12 in Conjurations
 18654 | Lair:4   | Learned a level 8 spell: Ignition
 18788 | Lair:4   | Reached skill level 1 in Fire Magic
 18798 | Lair:4   | Reached skill level 2 in Fire Magic
 18801 | Lair:4   | HP: 17/82 [lindwurm/blast of flame (42)]
 18803 | Lair:4   | Killed from afar by a lindwurm

Vanquished Creatures
  Gastronok (Lair:3)
  2 catoblepae
  A hydra (Lair:3)
  Erica (Lair:2)
  A death yak (Lair:2)
  4 two-headed ogres
  A lindwurm (Lair:4)
  An orc knight (Bailey)
  A cyclops (D:7)
  3 elephants (Lair:4)
  Joseph (D:7)
  10 cane toads
  5 komodo dragons
  A rime drake (Lair:3)
  A polar bear (Lair:2)
  7 dream sheep (Lair:3)
  9 blink frogs
  Sigmund (D:2)
  A wraith (D:8)
  2 wyverns
  2 basilisks (Lair:3)
  25 yaks
  2 steam dragons (D:7)
  10 water moccasins
  An ice beast (D:6)
  A sky beast (D:8)
  An ogre (D:7)
  8 black bears
  8 centaurs
  A kobold brigand (D:9)
  9 bullfrogs
  4 necrophages
  4 scorpions
  13 killer bees
  5 howler monkeys
  An electric eel (Lair:1)
  3 hounds
  4 jellies
  A gnoll bouda (D:4)
  An orc priest (D:5)
  Jessica (D:3)
  An iguana (D:5)
  9 orc wizards
  Natasha (thrice) (D:3)
  21 gnolls
  7 adders
  2 shadow imps
  A white imp (D:6)
  2 ufetubi
  4 worms
  5 dart slugs
  55 orcs
  6 bats
  An endoplasm (D:4)
  A giant cockroach (D:3)
  5 goblins
  9 hobgoblins
  9 kobolds
  4 quokkas
  8 ball pythons
  3 frilled lizards (D:2)
  5 rats
320 creatures vanquished.

Vanquished Creatures (collateral kills)
  Fannar (Lair:1)
  A komodo dragon (Lair:1)
  A yak (Lair:2)
  A bullfrog (Lair:1)
4 creatures vanquished.

Vanquished Creatures (others)
  17 fungi
  32 plants
49 creatures vanquished.

Grand Total: 373 creatures vanquished

Table legend:
 A = Non-vault XP
 B = Vault XP
 C = Vault XP percentage of total XP
 D = Non-vault monster count
 E = Vault monster count
 F = Vault count percentage of total count
                 A         B        C        D         E       F
            +---------+---------+-------+---------+---------+-------
      Total |   29204 |   10453 |  26.4 |     255 |      69 |  21.3
            +---------+---------+-------+---------+---------+-------
        D:1 |      13 |       0 |   0.0 |       9 |       0 |   0.0
        D:2 |      73 |     231 |  76.0 |      18 |       1 |   5.3
        D:3 |     130 |      72 |  35.6 |      16 |       2 |  11.1
        D:4 |     322 |      36 |  10.1 |      28 |       6 |  17.6
        D:5 |     578 |       0 |   0.0 |      29 |       0 |   0.0
        D:6 |     666 |       0 |   0.0 |      18 |       0 |   0.0
        D:7 |    1335 |    2504 |  65.2 |      17 |      20 |  54.1
        D:8 |    1370 |       0 |   0.0 |      18 |       0 |   0.0
        D:9 |    4222 |     117 |   2.7 |      23 |       2 |   8.0
       D:10 |    2081 |       0 |   0.0 |      14 |       0 |   0.0
     Lair:1 |    3872 |     844 |  17.9 |      17 |       1 |   5.6
     Lair:2 |    4970 |    3742 |  43.0 |      20 |      13 |  39.4
     Lair:3 |    6468 |    1481 |  18.6 |      20 |       1 |   4.8
     Lair:4 |    3104 |     649 |  17.3 |       8 |       1 |  11.1
     Bailey |       0 |     777 | 100.0 |       0 |      22 | 100.0
            +---------+---------+-------+---------+---------+-------

Illustrated notes

Table legend:
 A = Kills in this place as a percentage of kills in entire the game.
 B = Kills by you in this place as a percentage of kills by you in the entire game.
 C = Kills by friends in this place as a percentage of kills by friends in the entire game.
 D = Other kills in this place as a percentage of other kills in the entire game.
 E = Experience gained in this place as a percentage of experience gained in the entire game.
 F = Experience gained in this place divided by the number of levels of this place that you have seen.
                   A       B       C       D       E      F
               +-------+-------+-------+-------+-------+----------------------
         Total | 100.0 | 100.0 | 100.0 | 100.0 | 100.0 | 2478.6
       Dungeon |  68.2 |  69.1 |   0.0 |  66.7 |  34.7 | 1375.0
          Lair |  25.0 |  24.2 | 100.0 |  16.7 |  63.4 | 6282.5
        Bailey |   6.8 |   6.7 |   0.0 |  16.7 |   2.0 | 777.0
               +-------+-------+-------+-------+-------+----------------------

Table legend: (Time is in decaauts)
 A = Elapsed time spent in this place.
 B = Non-inter-level travel time spent in this place.
 C = Inter-level travel time spent in this place.
 D = Time resting spent in this place.
 E = Time spent auto-exploring this place.
 F = Levels seen in this place.
 G = Mean time per level.
                   A        B        C        D        E       F      G
               +--------+--------+--------+--------+--------+-----+--------+
         Total |  18874 |  18056 |    818 |   3379 |  12331 |  16 | 1179.6 |
       Dungeon |  12973 |  12329 |    644 |   2243 |   8546 |  10 | 1297.3 |
        Temple |    202 |    130 |     72 |      0 |    105 |   1 |  202.0 |
          Lair |   5019 |   4918 |    101 |   1047 |   3211 |   4 | 1254.8 |
        Bailey |    679 |    679 |      0 |     89 |    469 |   1 |  679.0 |
               +--------+--------+--------+--------+--------+-----+--------+

Top non-repeatable levels by time:
     D:7: 1986 daAuts
  Lair:2: 1667 daAuts
     D:9: 1632 daAuts
  Lair:3: 1513 daAuts
  Lair:1: 1469 daAuts
     D:1: 1291 daAuts
     D:4: 1217 daAuts
     D:5: 1179 daAuts
     D:3: 1173 daAuts
     D:8: 1166 daAuts
     D:2: 1132 daAuts
     D:6: 1100 daAuts
    D:10: 1092 daAuts
  Bailey: 679 daAuts
  Lair:4: 368 daAuts
